 Dungeon Sprint DCSS version 0.18-a0-1157-g59db91b (webtiles) character file.

112 Kidiri the Sneak (level 4, 0/21 HPs)
             Began as a Spriggan Enchanter on Jan 23, 2016.
             Was an Initiate of Dithmenos.
             Splashed by an oklob sapling wizard's acid (14 damage)
             ... in the Dungeon (Sprint IV: "Fedhas' Mad Dash").
             The game lasted 00:01:48 (112 turns).

Kidiri the Sneak (Spriggan Enchanter)                Turns: 112, Time: 00:01:48

Health: 0/21       AC:  2    Str:  4    XL:     4   Next: 64%
Magic:  10/12      EV: 21    Int: 17    God:    Dithmenos [......]
Gold:   44         SH:  0    Dex: 16    Spells: 5 memorised, 2 levels left

rFire  . . .     SeeInvis +     a - +1 dagger
rCold  . . .     Gourm    .     b - +1 robe
rNeg   . . .     Faith    .     (shield restricted)
rPois  .         Spirit   .     (helmet restricted)
rElec  .         Dismiss  .     k - +2 cloak {+Inv}
rCorr  .         Reflect  .     (gloves unavailable)
SustAt .         Harm     .     (boots unavailable)
MR     .....     NoTele   +     (no amulet)
Stlth  ++++......               (no ring)
                                (no ring)

@: corroded equipment, very slightly contaminated, very quick, not resistant to
hostile enchantments, stealthy
A: unfitting armour, see invisible, herbivore 3, speed 3, slow metabolism 2
a: Renounce Religion, Evoke Invisibility


You were in the Dungeon.
You worshipped Dithmenos.
Dithmenos was noncommittal.
You were not hungry.

You visited 1 branch You collected 44 gold pieces.

Inventory:

Hand Weapons
 a - a +1 dagger (weapon)
Armour
 b - a +1 robe (worn)
 k - a +2 cloak of invisibility (worn)
Scrolls
 j - a scroll of blinking
Potions
 e - a potion of curing
 f - 2 potions of heal wounds
 g - a potion of haste
 h - 2 potions of magic
 i - a potion of berserk rage
Books
 c - a book of Maledictions

   Spells                             Type                      Level
   a - Corona                         Hexes                        1
   b - Ensorcelled Hibernation        Hexes/Ice                    2
   c - Confuse                        Hexes                        3
   d - Tukima's Dance                 Hexes                        3
   e - Dazzling Spray                 Conjuration/Hexes            3
Comestibles
 d - 2 bread rations


   Skills:
 * Level 4.4 Short Blades
 * Level 6.3 Dodging
 * Level 7.5 Stealth
 * Level 5.7 Spellcasting
 + Level 1.1 Conjurations
 + Level 5.0 Hexes
 + Level 1.9 Ice Magic
 + Level 0.0 Invocations


You had 2 spell levels left.
You knew the following spells:

 Your Spells              Type           Power        Failure   Level  Hunger
a - Corona                Hex            ###....      1%          1    None
b - Ensorcelled Hibernat  Hex/Ice        ###...       6%          2    #......
c - Confuse               Hex            ###.....     8%          3    ##.....
d - Tukima's Dance        Hex            ###.....     8%          3    ##.....
e - Dazzling Spray        Conj/Hex       ###.....     12%         3    ##.....


Dungeon Overview and Level Annotations

Branches:
Dungeon (1/1)

Altars:
Cheibriados
Dithmenos
Elyvilon
Gozag
Kikubaaqudgha
Makhleb
Nemelex Xobeh
Okawaru
Pakellas
Qazlal
Ru
Sif Muna
Trog
Vehumet
Xom
Yredelemnul
Zin
The Shining One
Beogh
Jiyva
Lugonu

Annotations:
D exclusion: oklob sapling


Innate Abilities, Weirdness & Mutations

You are tiny and cannot use many weapons and most armour.
You have supernaturally acute eyesight.
You are a herbivore.
You cover ground extremely quickly.
You need consume almost no food.


Message History

There is a shadowy altar of Dithmenos here.
You kneel at the altar of Dithmenos.
Dithmenos welcomes you!
Memorise Tukima's Dance, consuming 3 spell levels and leaving 2?
You start memorising the spell.
You continue memorising.
You flicker for a moment.
You continue memorising. x2
You finish memorising.
Spell assigned to 'd'.
Unknown command.
There is an opulent altar of Gozag here.
There is a stormy altar of Qazlal here.
As you open the door, it creaks loudly!
Marking area around the oklob sapling wizard as unsafe for travelling.
An oklob sapling wizard comes into view.
Found a potion of curing.
You flicker back into view.
The oklob sapling wizard spits acid at you.
The splash of acid hits you! The acid corrodes you!
The acid burns!
Ouch! That really hurt!
You die...

####################
..#.⌠...._....⌠.#.!+
..'._._._._._._.@.P#
..#_._._._._._._#..#
+##._._._._._._.#.(#
#.⌠...._....⌠.####
###############


You could see an oklob sapling wizard.

Vanquished Creatures
  2 oklob saplings (D)
  A worker ant (D)
  A river rat (D)
  A rat (D)
5 creatures vanquished.

Notes
Turn   | Place    | Note
--------------------------------------------------------------
     0 | D        | Kidiri the Spriggan Enchanter began the quest for the Orb.
     0 | D        | Reached XP level 1. HP: 9/9 MP: 5/5
     9 | D        | Reached skill level 5 in Stealth
     9 | D        | Reached XP level 2. HP: 13/13 MP: 5/7
    18 | D        | Learned a level 2 spell: Ensorcelled Hibernation
    36 | D        | Noticed an oklob sapling
    37 | D        | Killed an oklob sapling
    37 | D        | Reached skill level 6 in Stealth
    37 | D        | Reached skill level 1 in Ice Magic
    37 | D        | Reached XP level 3. HP: 16/16 MP: 7/9
    42 | D        | Learned a level 3 spell: Confuse
    46 | D        | Learned a level 3 spell: Dazzling Spray
    58 | D        | Reached skill level 5 in Dodging
    89 | D        | Found a snail-covered altar of Cheibriados.
    89 | D        | Found a glowing silver altar of Zin.
    89 | D        | Found a white marble altar of Elyvilon.
    90 | D        | Found a viscous altar of Jiyva.
    90 | D        | Found a radiant altar of Vehumet.
    90 | D        | Found a deep blue altar of Sif Muna.
    90 | D        | Found a burning altar of Makhleb.
    90 | D        | Found an oddly glowing altar of Pakellas.
    90 | D        | Found an ancient bone altar of Kikubaaqudgha.
    90 | D        | Found a bloodstained altar of Trog.
    90 | D        | Found a corrupted altar of Lugonu.
    90 | D        | Found a sacrificial altar of Ru.
    90 | D        | Noticed an oklob sapling priest
    91 | D        | Found a glowing golden altar of the Shining One.
    91 | D        | Found a sparkling altar of Nemelex Xobeh.
    92 | D        | Found a shadowy altar of Dithmenos.
    93 | D        | Found an iron altar of Okawaru.
    93 | D        | Found a shimmering altar of Xom.
    94 | D        | Found an opulent altar of Gozag.
    95 | D        | Found a basalt altar of Yredelemnul.
    95 | D        | Found a roughly hewn altar of Beogh.
    96 | D        | Killed an oklob sapling priest
    96 | D        | Reached skill level 7 in Stealth
    96 | D        | Reached skill level 5 in Spellcasting
    96 | D        | Reached skill level 1 in Conjurations
    96 | D        | Reached skill level 5 in Hexes
    96 | D        | Reached XP level 4. HP: 21/21 MP: 8/12
    97 | D        | Found a stormy altar of Qazlal.
   102 | D        | Became a worshipper of Dithmenos the Shadowed
   107 | D        | Learned a level 3 spell: Tukima's Dance
   112 | D        | Splashed by an oklob sapling wizard's acid

Vault maps used:
D:        dungeon_sprint_fedhas

Action                   |  1- 3 |  4- 6 || total
-------------------------+-------+-------++-------
Melee: Dagger            |     7 |       ||     7
 Abil: Evoke Invisibilit |     1 |       ||     1
 Stab: Sleeping          |     4 |       ||     4
